 Dungeon Crawl Stone Soup version 0.30.1-11-g7821555f0a (webtiles) character file.

Game seed: 11019248145423942373

1688 Ekaitz the Zephyrmancer (level 9, -11/51 HPs)
             Began as a Tengu Air Elementalist on Dec 21, 2023.
             Mangled by a gnoll
             ... wielding a +0 halberd
             ... led by a gnoll bouda
              (14 damage)
             ... on level 7 of the Dungeon.
             The game lasted 00:11:43 (6620 turns).

Ekaitz the Zephyrmancer (Tengu Air Elementalist)    Turns: 6620, Time: 00:11:44

Health: -11/51     AC:  5    Str:  8    XL:     9   Next: 2%
Magic:  15/16      EV: 21    Int: 20    God:
Gold:   259        SH:  0    Dex: 15    Spells: 5/17 levels left

rFire   + . .        j - staff of air
rCold   + . .        (no shield)
rNeg    . . .        a - +0 robe
rPois   +            w - +2 hat
rElec   +            z - +0 cloak
rCorr   +            (no gloves)
SInv    .            (boots unavailable)
Will    +....        (no amulet)
Stlth   ++           m - ring of willpower
HPRegen 0.28/turn    G - +5 ring of evasion
MPRegen 0.15/turn

%: no passive effects
@: resistant, marked, weakened, flying quickly and evasively, mesmerised, quick
A: beak, talons 3, nimble flight
a: no special abilities


You were on level 7 of the Dungeon.
You visited 1 branch of the dungeon, and saw 7 of its levels.
You also visited: Sewer.

You collected 259 gold pieces.

Inventory:

Hand Weapons
 f - a +0 dagger of holy wrath
 p - a +2 whip of flaming
 r - the +3 mace "Qaxkeegh" {venom, +Blink rC+ Dex-4}
   (You found it on level 2 of the Dungeon)

   Dex:       It affects your dexterity (-4).
   rC:        It protects you from cold.
   +Blink:    It lets you blink.
 v - a +1 trident of distortion
Missiles
 x - 44 poisoned darts
Armour
 a - a +0 robe (worn)
 w - a +2 hat (worn)
 z - a +0 cloak (worn)
Magical Staves
 j - a staff of air (weapon)
 s - a staff of poison
Jewellery
 m - a ring of willpower (left hand)
 B - a ring of see invisible
 G - a +5 ring of evasion (right hand)
Wands
 I - a wand of flame (21)
Scrolls
 c - 3 scrolls of immolation {unknown}
 d - 4 scrolls of silence {unknown}
 g - 5 scrolls of magic mapping {unknown}
 k - a scroll of fog {unknown}
 o - 9 scrolls of identify {unknown}
 q - 2 scrolls of poison {unknown}
 u - 2 scrolls of vulnerability {unknown}
 y - a scroll of brand weapon {unknown}
 A - a scroll of torment {unknown}
 E - a scroll of teleportation {unknown}
 F - a scroll of amnesia {unknown}
 J - a scroll of blinking {unknown}
Potions
 b - 2 potions of magic
 e - 2 potions of might {unknown}
 h - 4 potions of curing {unknown}
 i - a potion of ambrosia {unknown}
 l - a potion of degeneration {unknown}
 t - 4 potions of mutation {unknown}
 C - a potion of cancellation {unknown}
 D - a potion of invisibility {unknown}
 H - a potion of heal wounds {unknown}


   Skills:
 * Level 3.6 Fighting
 * Level 4.3 Dodging
 + Level 2.1 Stealth
 + Level 1.0 Unarmed Combat
 + Level 4.5 Spellcasting
 * Level 5.9 Conjurations
 * Level 8.7 Air Magic
 * Level 2.8 Poison Magic
 * Level 2.7 Evocations


You had 5 spell levels left.
You knew the following spells:

 Your Spells              Type           Power      Damage    Failure   Level
a - Shock                 Conj/Air       100%       1d9       1%          1
b - Static Discharge      Conj/Air       100%       2-7/arc   1%          2
c - Swiftness             Air            56%        N/A       1%          3
d - Airstrike             Air            28%        2d(4-20)  3%          4
e - Poisonous Vapours     Pois/Air       82%        N/A       1%          2

Your spell library contained the following spells:

 Spells                   Type           Power      Damage    Failure   Level
 Sting                    Tmut/Pois      40%        1d5       7%          1
 Slow                     Hex            16%        N/A       12%         1
 Confusing Touch          Hex            4%         N/A       36%         3
 Vampiric Draining        Necr           4%         2d6       36%         3
 Olgreb's Toxic Radiance  Pois           16%        N/A       36%         4


Dungeon Overview and Level Annotations

Branches:
Dungeon (7/15)              Sewer (visited)
 Temple: D:4-7

Altars:
Cheibriados
Nemelex Xobeh
Sif Muna

Shops:
D:1 *

Annotations:
D:3 3 runed translucent doors, Skeebo's ghost, amateur GrFi
D:6 1 runed translucent door, GooseDwarf1's ghost, novice DjFE; Menkaure
D:7 Maggie


Innate Abilities, Weirdness & Mutations

You have a beak for a mouth.
You have claws for feet.
Your magical nature lets you fly swiftly and evasively.


Message History

You kill the gnoll!
The gnoll is struck by an arc of lightning.
The gnoll is severely wounded.
The lightning grounds out.
The gnoll bouda is struck by an arc of lightning.
The gnoll bouda is lightly wounded.
The gnoll is struck by an arc of lightning.
The gnoll is moderately wounded.
The gnoll is struck by an arc of lightning!
The gnoll is heavily wounded.
The gnoll is struck by an arc of lightning.
The gnoll is moderately wounded.
The lightning grounds out.
The gnoll is struck by an arc of lightning.
The gnoll is severely wounded.
The gnoll is struck by an arc of lightning.
The gnoll is severely wounded.
The lightning grounds out.
Maggie is struck by an arc of lightning.
Maggie is almost dead.
The gnoll is struck by an arc of lightning.
You kill the gnoll!
You resist.
You are struck by an arc of lightning.
* * * LOW HITPOINT WARNING * * *
The gnoll bouda is struck by an arc of lightning.
The gnoll bouda is moderately wounded.
The gnoll is struck by an arc of lightning.
The gnoll is severely wounded.
The lightning grounds out.
The gnoll bouda barks out a call to the hunt!
The gnoll bouda picks up the pace!
The gnoll barely misses you.
An orc comes into view. It is wielding a +0 dagger.
An orc comes into view. It is wielding a +0 club.
Maggie gestures wildly while chanting.
Maggie draws you further into her thrall.
The gnoll bouda gazes fiercely through you!
You feel your attacks grow feeble.
The gnoll hits you from afar with a +0 halberd!
You die...

.# . . ##.##. ..
..... .... ...
...## !...
....##...## ... .
..........##)# ..
......)@.c..###...
.....).@g#..#.....
.....##g.goo...#
... ##gg.g...#.# .
#..gg.....#
#.......o.o...
......#....o...
#.....##.##<...
#...### ## ....
..#.. ...


You could see Maggie (mesmerising, very poisoned), a centaur, 2 gnoll boudas, 6
gnolls and 5 orcs.

Vanquished Creatures
  A troll (D:6)
  A water moccasin (D:6)
  2 ice beasts
  2 ogres
  3 kobold brigands
  A scorpion (D:4)
  4 hounds
  2 quasits (D:5)
  3 orc priests (D:6)
  A sleepcap (D:6)
  Crazy Yiuf (D:4)
  3 iguanas
  An orc wizard (D:5)
  8 adders
  6 gnolls
  A river rat (Sewer)
  3 shadow imps
  3 white imps (D:5)
  4 ufetubi (D:5)
  3 worms
  3 dart slugs
  16 orcs
  3 ball pythons
  8 endoplasms
  A giant cockroach (D:1)
  7 goblins
  4 hobgoblins (D:3)
  17 jackals
  23 kobolds
  5 quokkas
  A bat (D:3)
  4 frilled lizards
  8 rats
153 creatures vanquished.

Notes
Turn   | Place    | Note
-------+----------+-------------------------------------------
     0 | D:1      | Ekaitz the Tengu Air Elementalist began the quest for the
                  | Orb.
     0 | D:1      | Reached XP level 1. HP: 10/10 MP: 4/4
   100 | D:1      | Reached XP level 2. HP: 12/15 MP: 0/6
   156 | D:1      | Learned a level 2 spell: Static Discharge
   658 | D:1      | Reached skill level 5 in Air Magic
   674 | D:1      | Found Qeud's General Store.
   779 | D:1      | Reached XP level 3. HP: 19/19 MP: 5/7
   783 | D:1      | Learned a level 3 spell: Swiftness
  1298 | D:2      | Reached skill level 1 in Unarmed Combat
  1443 | D:2      | Identified the +3 mace "Qaxkeegh" {venom, +Blink rC+ Dex-4}
  1729 | D:3      | Reached XP level 4. HP: 24/24 MP: 3/8
  1998 | D:3      | Found a runed translucent gate.
  1998 | D:3      | Found a runed translucent gate.
  1998 | D:3      | Noticed an ogre
  2000 | D:3      | Found a runed translucent gate.
  2002 | D:3      | Noticed Skeebo's ghost (amateur GrFi)
  2416 | D:3      | Learned a level 2 spell: Poisonous Vapours
  2586 | D:3      | Found a shimmering blue altar of Sif Muna.
  2586 | D:3      | Found a sparkling altar of Nemelex Xobeh.
  2587 | D:3      | Found a snail-covered altar of Cheibriados.
  2687 | D:4      | Reached skill level 1 in Poison Magic
  2687 | D:4      | Gained mutation: Your magical nature lets you fly swiftly
                  | and evasively. [Tengu growth]
  2687 | D:4      | Reached XP level 5. HP: 27/28 MP: 0/9
  2924 | D:4      | Found a runed translucent door.
  2925 | D:4      | Noticed Crazy Yiuf
  3249 | D:4      | Killed Crazy Yiuf
  3250 | D:4      | Reached skill level 1 in Evocations
  3250 | D:4      | Reached XP level 6. HP: 33/33 MP: 0/11
  3376 | D:5      | Entered Level 5 of the Dungeon
  3383 | D:5      | Reached skill level 1 in Fighting
  3383 | D:5      | Reached skill level 6 in Air Magic
  3448 | D:5      | Found a glowing drain.
  3710 | Sewer    | Entered a sewer
  3975 | Sewer    | Reached XP level 7. HP: 38/38 MP: 4/12
  3987 | Sewer    | Learned a level 4 spell: Airstrike
  4892 | D:5      | Reached skill level 7 in Air Magic
  4892 | D:5      | Reached XP level 8. HP: 25/44 MP: 4/14
  5336 | D:6      | Reached skill level 5 in Conjurations
  5674 | D:6      | Reached skill level 8 in Air Magic
  5768 | D:6      | Noticed a troll
  5785 | D:6      | Killed a troll
  6114 | D:6      | Noticed Menkaure
  6287 | D:6      | Reached XP level 9. HP: 39/51 MP: 10/16
  6415 | D:6      | Found a runed translucent door.
  6416 | D:6      | Noticed GooseDwarf1's ghost (novice DjFE)
  6607 | D:7      | Noticed Maggie
  6620 | D:7      | Mangled by a gnoll

Illustrated notes

Levels and vault maps discovered:
D:1:      lightli_arrival_noodles, layout_rooms, serial_glass, glass_columns_c,
          glass_columns_a, serial_shops, nicolae_shop_pleasant_corner_grove,
          kennysheep_flooded_box, kennysheep_doodads
D:2:      layout_loops_cross
D:3:      layout_rooms, gammafunk_temple_overflow_claw, gammafunk_ghost_split,
          minmay_liquid_box
D:4:      layout_cave_pools, dk_rats_in_the_wall, uniq_crazy_yiuf_cottage
D:5:      layout_cave_pools, serial_demonic, serial_demonic_f, serial_demonic_a,
          serial_demonic_a, serial_demonic_e, portal_sewer_entry_b,
          chequers_serial_rivers_micro_b
D:6:      layout_basic, gammafunk_ghost_grave, uniq_menkaure
D:7:      layout_cave_pools, minitemple, minmay_temple_entry_butterflies,
          uniq_maggie

Skill      XL: |  1  2  3  4  5  6  7  8 |
---------------+-------------------------+-----
Air Magic      | 5 6 7 8 |  8.7
Conjurations   | 2 3 4 5 |  5.9
Unarmed Combat | 1 |  1.0
Poison Magic   | 1 2 |  2.8
Evocations     | 1 2 |  2.7
Fighting       | 1 2 3 |  3.6
Dodging        | 3 4 |  4.3
Spellcasting   | 3 4 |  4.5
Stealth        | |  2.1

Action                     |  1- 3 |  4- 6 |  7- 9 || total
---------------------------+-------+-------+-------++-------
  Melee: Unarmed           |    12 |       |       ||    12
         Kick              |     6 |       |       ||     6
         Peck              |     2 |     1 |       ||     3
         Short sword       |     1 |       |       ||     1
         Staff             |     3 |     7 |     1 ||    11
   Cast: Shock             |    68 |   106 |   166 ||   340
         Poisonous Vapours |       |    11 |    12 ||    23
         Static Discharge  |       |     4 |     4 ||     8
         Swiftness         |       |     1 |       ||     1
         Airstrike         |       |       |     2 ||     2
    Use: Potion            |       |       |     2 ||     2
 Armour: Robe              |     3 |     3 |     5 ||    11
  Dodge: Dodged            |    18 |    14 |    40 ||    72
